[Event "23rd Hogeschool Zeeland Open 2019"]
[Site "Vlissingen"]
[Date "2019.08.04"]
[Round "1.1"]
[White "Van t Hoff, Kees"]
[Black "Kamsky, Gata"]
[Result "0-1"]
[ECO "A85"]
[WhiteElo "1773"]
[BlackElo "2673"]
[Annotator "RC"]
[PlyCount "42"]
[EventDate "2019.08.03"]
[EventType "swiss"]
[EventCountry "NED"]
[SourceTitle "playchess.com"]
[Source "ChessBase"]
[SourceQuality "1"]
[TimeControl "40/5400+30:1800+30"]

1. d4 f5 2. c4 Nf6 3. Nc3 d6 4. Nf3 g6 5. h3 Bg7 6. Bf4 Ne4 7. e3 Nxc3 8. bxc3 c5 9. Rc1 Nc6 10. Be2 O-O 11. O-O e5 12. Bh2 Qe7 13. d5 Nd8 14. Nd2 Nf7 15. e4 Ng5 16. f4 exf4 17. exf5 Bxf5 18. Bxf4 Be5 19. Bxg5 Qxg5 20. Nf3 Qe3+ 21. Kh1 Bf4 0-1

[Event "23rd Hogeschool Zeeland Open 2019"]
[Site "Vlissingen"]
[Date "2019.08.04"]
[Round "1.2"]
[White "L'Ami, Erwin"]
[Black "Van Dijkhuizen, Robbert"]
[Result "1-0"]
[ECO "E15"]
[WhiteElo "2633"]
[BlackElo "1819"]
[Annotator "ChessBase"]
[PlyCount "55"]
[EventDate "2019.08.03"]
[EventType "swiss"]
[EventCountry "NED"]
[SourceTitle "playchess.com"]
[Source "ChessBase"]
[SourceQuality "1"]
[TimeControl "40/5400+30:1800+30"]

1. d4 Nf6 2. c4 e6 3. Nf3 b6 4. g3 Ba6 5. Nbd2 Be7 6. e4 d5 7. cxd5 Bxf1 8. Nxf1 exd5 9. e5 Ne4 10. Ne3 O-O 11. O-O Qd7 12. Ne1 f5 13. N1g2 Ng5 14. Nf4 c6 15. h4 Ne6 16. Nxe6 Qxe6 17. Ng2 Na6 18. Bg5 Bxg5 19. hxg5 Qe7 20. Qa4 Qb7 21. Nf4 c5 22. Rad1 Nc7 23. Qb3 c4 24. Qf3 Rae8 25. Kg2 g6 26. Rh1 Re7 27. Rh6 Qc6 28. Nh5 1-0

[Event "23rd Hogeschool Zeeland Open 2019"]
[Site "Vlissingen"]
[Date "2019.08.04"]
[Round "1.3"]
[White "Reichardt, Robin"]
[Black "Van Wely, Loek"]
[Result "0-1"]
[ECO "D93"]
[WhiteElo "1811"]
[BlackElo "2616"]
[Annotator "ChessBase"]
[PlyCount "40"]
[EventDate "2019.08.03"]
[EventType "swiss"]
[EventCountry "NED"]
[SourceTitle "playchess.com"]
[Source "ChessBase"]
[SourceQuality "1"]
[TimeControl "40/5400+30:1800+30"]

1. d4 Nf6 2. c4 g6 3. Nf3 Bg7 4. Nc3 d5 5. Bf4 O-O 6. e3 c6 7. Bd3 Bg4 8. h3 Bxf3 9. Qxf3 e6 10. O-O Nbd7 11. Bh2 Qe7 12. Rfd1 Rad8 13. Rac1 Rfe8 14. e4 dxe4 15. Nxe4 Nxe4 16. Bxe4 Nb6 17. Qe3 Rd7 18. Rd2 Red8 19. c5 Bxd4 20. Qa3 Bxc5 0-1

[Event "23rd Hogeschool Zeeland Open 2019"]
[Site "Vlissingen"]
[Date "2019.08.04"]
[Round "1.4"]
[White "Ortiz Suarez, Isan Reynaldo"]
[Black "Van Der Straeten, Lieven"]
[Result "1-0"]
[ECO "E63"]
[WhiteElo "2551"]
[BlackElo "1809"]
[Annotator "ChessBase"]
[PlyCount "63"]
[EventDate "2019.08.03"]
[EventType "swiss"]
[EventCountry "NED"]
[SourceTitle "playchess.com"]
[Source "ChessBase"]
[SourceQuality "1"]
[TimeControl "40/5400+30:1800+30"]

1. c4 Nf6 2. Nf3 g6 3. g3 Bg7 4. Bg2 O-O 5. d4 d6 6. O-O Nc6 7. Nc3 a6 8. Bg5 Bd7 9. Rc1 Rb8 10. Nd5 Ne4 11. Be3 e6 12. Nf4 Ne7 13. Qc2 f5 14. Rfd1 Qe8 15. Nd2 Nxd2 16. Qxd2 g5 17. Nd3 h6 18. f4 g4 19. d5 Ng6 20. Ba7 Ra8 21. Bf2 e5 22. fxe5 dxe5 23. Nc5 f4 24. d6 f3 25. exf3 gxf3 26. dxc7 Bc6 27. Bh3 Nf4 28. gxf4 Qg6+ 29. Kh1 Rxf4 30. Qd8+ Kh7 31. Qxa8 Qh5 32. c8=Q 1-0

[Event "23rd Hogeschool Zeeland Open 2019"]
[Site "Vlissingen"]
[Date "2019.08.04"]
[Round "1.5"]
[White "Spears, Russell"]
[Black "Werle, Jan"]
[Result "0-1"]
[ECO "A26"]
[WhiteElo "1805"]
[BlackElo "2555"]
[Annotator "ChessBase"]
[PlyCount "64"]
[EventDate "2019.08.03"]
[EventType "swiss"]
[EventCountry "NED"]
[SourceTitle "playchess.com"]
[Source "ChessBase"]
[SourceQuality "1"]
[TimeControl "40/5400+30:1800+30"]

1. c4 f5 2. g3 Nf6 3. Bg2 g6 4. Nc3 Bg7 5. d3 d6 6. e4 Nc6 7. Nge2 O-O 8. O-O e5 9. Nd5 Be6 10. Bg5 Qd7 11. Qd2 Rf7 12. Rac1 Raf8 13. exf5 Bxf5 14. Nxf6+ Bxf6 15. Bxf6 Rxf6 16. d4 Qg7 17. d5 Nb8 18. b4 b6 19. Nc3 R6f7 20. Ne4 Bxe4 21. Bxe4 Nd7 22. Bg2 g5 23. Qe2 g4 24. h3 Nf6 25. c5 Kh8 26. cxd6 cxd6 27. Rc6 gxh3 28. Bxh3 Nxd5 29. Qc4 Ne3 30. fxe3 Qxg3+ 31. Bg2 Rxf1+ 32. Qxf1 Qxe3+ 0-1

[Event "23rd Hogeschool Zeeland Open 2019"]
[Site "Vlissingen"]
[Date "2019.08.04"]
[Round "1.6"]
[White "Ikonnikov, Vyacheslav"]
[Black "Klein, Jorik"]
[Result "1-0"]
[ECO "E93"]
[WhiteElo "2499"]
[BlackElo "1801"]
[Annotator "ChessBase"]
[PlyCount "61"]
[EventDate "2019.08.03"]
[EventType "swiss"]
[EventCountry "NED"]
[SourceTitle "playchess.com"]
[Source "ChessBase"]
[SourceQuality "1"]
[TimeControl "40/5400+30:1800+30"]

1. d4 Nf6 2. Nf3 g6 3. c4 Bg7 4. Nc3 d6 5. e4 O-O 6. Be2 e5 7. d5 Nbd7 8. Be3 a5 9. Nd2 Ne8 10. g4 Nc5 11. h4 f5 12. gxf5 gxf5 13. h5 h6 14. Qc2 f4 15. Bxc5 dxc5 16. O-O-O Bd7 17. Rdg1 Kh7 18. Bg4 Bxg4 19. Rxg4 Nf6 20. Rg2 Qe8 21. Nf3 Rd8 22. Nh4 Nxh5 23. Nf5 Rd7 24. Qd1 Rxf5 25. exf5 Nf6 26. f3 c6 27. Ne4 Nxe4 28. fxe4 cxd5 29. cxd5 Qf8 30. Qh5 Rd6 31. Rhg1 1-0

[Event "23rd Hogeschool Zeeland Open 2019"]
[Site "Vlissingen"]
[Date "2019.08.04"]
[Round "1.7"]
[White "Enserink, Henk"]
[Black "Harika, Dronavalli"]
[Result "0-1"]
[ECO "C01"]
[WhiteElo "1803"]
[BlackElo "2492"]
[Annotator "ChessBase"]
[PlyCount "40"]
[EventDate "2019.08.03"]
[EventType "swiss"]
[EventCountry "NED"]
[SourceTitle "playchess.com"]
[Source "ChessBase"]
[SourceQuality "1"]
[TimeControl "40/5400+30:1800+30"]

1. e4 e6 2. Nf3 d5 3. exd5 exd5 4. d4 Bd6 5. c4 Nf6 6. c5 Be7 7. Be2 O-O 8. O-O b6 9. b4 a5 10. Bd2 axb4 11. Bxb4 Ne4 12. Qc2 Nc6 13. Ba3 bxc5 14. dxc5 Bf5 15. Bd3 Bf6 16. Bb2 Nb4 17. Bxf6 Qxf6 18. Qb3 Nxd3 19. Qxd3 Qxa1 20. Nbd2 Qxa2 0-1

[Event "23rd Hogeschool Zeeland Open 2019"]
[Site "Vlissingen"]
[Date "2019.08.04"]
[Round "1.8"]
[White "Hausrath, Daniel"]
[Black "Hahnen, Elke"]
[Result "1-0"]
[ECO "A11"]
[WhiteElo "2468"]
[BlackElo "1803"]
[Annotator "ChessBase"]
[PlyCount "47"]
[EventDate "2019.08.03"]
[EventType "swiss"]
[EventCountry "NED"]
[SourceTitle "playchess.com"]
[Source "ChessBase"]
[SourceQuality "1"]
[TimeControl "40/5400+30:1800+30"]

1. Nf3 d5 2. g3 g6 3. Bg2 Bg7 4. O-O Nf6 5. b3 O-O 6. Bb2 b6 7. c4 c6 8. d3 Bg4 9. Nbd2 Nbd7 10. Nd4 Rc8 11. h3 Be6 12. N2f3 Nc5 13. b4 Ncd7 14. Nxe6 fxe6 15. Ng5 Rf7 16. Nxe6 Qe8 17. cxd5 cxd5 18. Qb3 Bh6 19. Bxd5 Nxd5 20. Qxd5 Rc2 21. Bc1 Bxc1 22. Raxc1 Rxe2 23. Ng5 e6 24. Qb7 1-0

[Event "23rd Hogeschool Zeeland Open 2019"]
[Site "Vlissingen"]
[Date "2019.08.04"]
[Round "1.9"]
[White "Van Gemert, Jean-Pierre"]
[Black "Romanishin, Oleg M"]
[Result "0-1"]
[ECO "A45"]
[WhiteElo "1795"]
[BlackElo "2443"]
[Annotator "NA"]
[PlyCount "38"]
[EventDate "2019.08.03"]
[EventType "swiss"]
[EventCountry "NED"]
[SourceTitle "playchess.com"]
[Source "ChessBase"]
[SourceQuality "1"]
[TimeControl "40/5400+30:1800+30"]

1. d4 Nf6 2. Bf4 c5 3. e3 g6 4. c3 Qb6 5. Qc2 Bg7 6. Nd2 O-O 7. Nc4 Qe6 8. Nf3 d5 9. Ng5 Qc6 10. Ne5 Qb6 11. dxc5 Qxc5 12. b4 Qb6 13. Bd3 Nh5 14. Bg3 Nd7 15. Nxd7 Bxd7 16. Qb3 Qf6 17. Qxd5 Qxc3+ 18. Ke2 Qb2+ 19. Kf3 Bc6 0-1

[Event "23rd Hogeschool Zeeland Open 2019"]
[Site "Vlissingen"]
[Date "2019.08.04"]
[Round "1.10"]
[White "Leenhouts, Koen"]
[Black "De Jonge, Edwin"]
[Result "1-0"]
[ECO "B12"]
[WhiteElo "2426"]
[BlackElo "1788"]
[Annotator "NA"]
[PlyCount "57"]
[EventDate "2019.08.03"]
[EventType "swiss"]
[EventCountry "NED"]
[SourceTitle "playchess.com"]
[Source "ChessBase"]
[SourceQuality "1"]
[TimeControl "40/5400+30:1800+30"]

1. e4 c6 2. d4 d5 3. e5 c5 4. dxc5 Nc6 5. Bf4 Bf5 6. c3 a5 7. Bb5 e6 8. Be3 Nge7 9. Ne2 Ng6 10. f4 Nh4 11. O-O Be4 12. Rf2 Nf5 13. Bd4 h5 14. Nd2 h4 15. Nxe4 dxe4 16. Qc2 Qd5 17. Rd1 Rd8 18. Ba4 e3 19. Rf3 h3 20. Bb3 Qd7 21. g4 a4 22. Bxa4 Qd5 23. Rdf1 Nh4 24. Rg3 Ng2 25. Bb3 Qd7 26. Qe4 Be7 27. f5 Rh6 28. fxe6 fxe6 29. Rxh3 1-0

[Event "23rd Hogeschool Zeeland Open 2019"]
[Site "Vlissingen"]
[Date "2019.08.04"]
[Round "1.11"]
[White "De Wilde, Steven"]
[Black "Grochal, Joey"]
[Result "0-1"]
[ECO "B30"]
[WhiteElo "1771"]
[BlackElo "2313"]
[Annotator "NA"]
[PlyCount "102"]
[EventDate "2019.08.03"]
[EventType "swiss"]
[EventCountry "NED"]
[SourceTitle "playchess.com"]
[Source "ChessBase"]
[SourceQuality "1"]
[TimeControl "40/5400+30:1800+30"]

1. e4 c5 2. Nf3 e6 3. d3 Nc6 4. Nbd2 Be7 5. g3 d6 6. Bg2 Nf6 7. O-O O-O 8. a4 Qc7 9. Re1 Rd8 10. c3 Bf8 11. Qe2 e5 12. Nc4 h6 13. Ne3 Na5 14. Nd2 g6 15. f4 exf4 16. gxf4 Nc6 17. Rf1 Bg7 18. Ndc4 Kh7 19. Bd2 Be6 20. f5 Bxc4 21. fxg6+ fxg6 22. Nxc4 Ne5 23. Ne3 Rf8 24. Rf2 Qd7 25. h3 Nh5 26. Nf5 Rf7 27. Raf1 Raf8 28. Nxg7 Ng3 29. Qe3 Nxf1 30. Qxh6+ Kg8 31. Rxf1 Rxf1+ 32. Bxf1 Nf3+ 33. Kg2 Nxd2 34. Qxd2 Qxg7 35. d4 Qf7 36. Qe2 cxd4 37. cxd4 Qf4 38. e5 dxe5 39. dxe5 Qg5+ 40. Kh1 Qf5 41. Bg2 Rc8 42. Qd2 Kh7 43. Qd4 b6 44. Qh4+ Kg7 45. Qe7+ Qf7 46. Qxf7+ Kxf7 47. Bd5+ Ke7 48. Bb3 Rc1+ 49. Kg2 Rb1 50. Bd5 Rxb2+ 51. Kf3 Rb4 0-1

[Event "23rd Hogeschool Zeeland Open 2019"]
[Site "Vlissingen"]
[Date "2019.08.04"]
[Round "1.12"]
[White "De Feijter, David"]
[Black "Zwirs, Nico"]
[Result "0-1"]
[ECO "A03"]
[WhiteElo "1778"]
[BlackElo "2380"]
[Annotator "NA"]
[PlyCount "86"]
[EventDate "2019.08.03"]
[EventType "swiss"]
[EventCountry "NED"]
[SourceTitle "playchess.com"]
[Source "ChessBase"]
[SourceQuality "1"]
[TimeControl "40/5400+30:1800+30"]

1. g3 d5 2. Bg2 Nf6 3. f4 c6 4. Nf3 Qb6 5. b3 g6 6. Bb2 Bg7 7. e3 O-O 8. Nc3 a5 9. Na4 Qc7 10. Be5 Qd8 11. O-O Bg4 12. h3 Bxf3 13. Bxf3 Nbd7 14. Bb2 b5 15. Nc3 e5 16. Ne2 Re8 17. Bg2 exf4 18. Nxf4 Nc5 19. Kh2 Qc7 20. Bxf6 Bxf6 21. Nxd5 cxd5 22. Rxf6 Rad8 23. Qe2 h5 24. Raf1 Re7 25. d4 Ne6 26. R1f2 Nxd4 27. Qd3 Nf5 28. R2xf5 gxf5 29. Qxf5 Qe5 30. Qf3 Rd6 31. Rf5 Qxe3 32. Qxh5 Rg6 33. Rf3 Qg5 34. Qxg5 Rxg5 35. Rd3 Re2 36. Rc3 Rf5 37. Kg1 Re1+ 38. Kh2 Rf2 39. g4 Ree2 40. Rg3 Rxc2 41. a3 d4 42. Kg1 Rxg2+ 43. Rxg2 d3 0-1

[Event "23rd Hogeschool Zeeland Open 2019"]
[Site "Vlissingen"]
[Date "2019.08.04"]
[Round "1.13"]
[White "Grooten, Herman"]
[Black "Pang, Khai Jie Ryan"]
[Result "1-0"]
[ECO "A77"]
[WhiteElo "2310"]
[BlackElo "1770"]
[Annotator "NA"]
[PlyCount "71"]
[EventDate "2019.08.03"]
[EventType "swiss"]
[EventCountry "NED"]
[SourceTitle "playchess.com"]
[Source "ChessBase"]
[SourceQuality "1"]
[TimeControl "40/5400+30:1800+30"]

1. d4 Nf6 2. c4 e6 3. Nf3 c5 4. d5 exd5 5. cxd5 d6 6. Nc3 g6 7. Nd2 Bg7 8. e4 O-O 9. Be2 Re8 10. O-O b6 11. a4 Ba6 12. Bb5 Bxb5 13. axb5 Nbd7 14. Ra4 Ne5 15. Qe2 g5 16. Rd1 Nfd7 17. Nf1 Ng6 18. Ng3 Be5 19. Nf5 Qf6 20. Nh6+ Kg7 21. Ng4 Qe7 22. g3 Kh8 23. Nh6 f6 24. Qh5 Nb8 25. Ne2 Qd7 26. f4 gxf4 27. gxf4 Qxb5 28. Ra3 Nd7 29. fxe5 Ndxe5 30. Rh3 Qd7 31. Rf1 Rf8 32. Kh1 Rad8 33. Nf5 Qf7 34. Rg1 b5 35. b3 Ne7 36. Rg7 1-0

[Event "23rd Hogeschool Zeeland Open 2019"]
[Site "Vlissingen"]
[Date "2019.08.04"]
[Round "1.14"]
[White "Koster, Paul"]
[Black "Nebolsina, Vera"]
[Result "0-1"]
[ECO "B06"]
[WhiteElo "1764"]
[BlackElo "2269"]
[Annotator "NA"]
[PlyCount "98"]
[EventDate "2019.08.03"]
[EventType "swiss"]
[EventCountry "NED"]
[SourceTitle "playchess.com"]
[Source "ChessBase"]
[SourceQuality "1"]
[TimeControl "40/5400+30:1800+30"]

1. e4 g6 2. d4 Bg7 3. Nc3 d6 4. Bf4 a6 5. Nf3 b5 6. a4 b4 7. Nd5 a5 8. c3 e6 9. Ne3 Bb7 10. e5 Ne7 11. exd6 cxd6 12. Bb5+ Nbc6 13. Nc4 Nc8 14. d5 exd5 15. Qxd5 O-O 16. O-O N8e7 17. Qxd6 bxc3 18. bxc3 Nd5 19. Bxc6 Bxc6 20. Qxc6 Nxf4 21. Qe4 Qf6 22. Qe5 Rfe8 23. Qxf6 Ne2+ 24. Kh1 Bxf6 25. Nd4 Nxc3 26. Nf3 Re4 27. Nfd2 Re2 28. Ra3 Rd8 29. Nf3 Rd5 30. Kg1 Rc5 31. Ne3 Rb2 32. h3 Rb4 33. Ne1 Rxa4 34. Rxa4 Nxa4 35. Nd3 Rb5 36. Rc1 Nc3 37. Kf1 a4 38. Nc4 Nb1 39. Ndb2 a3 40. Rxb1 axb2 41. Ke2 Rb4 42. Kd3 Rb3+ 43. Kd2 Kf8 44. Ne3 Ke8 45. Nd1 Rb5 46. Kc2 Rf5 47. f3 Rc5+ 48. Kd2 Rc1 49. Rxb2 Rxd1+ 0-1

[Event "23rd Hogeschool Zeeland Open 2019"]
[Site "Vlissingen"]
[Date "2019.08.04"]
[Round "1.15"]
[White "Klepke, Ricardo"]
[Black "De Meester, Johan"]
[Result "1-0"]
[ECO "E01"]
[WhiteElo "2267"]
[BlackElo "1748"]
[Annotator "NA"]
[PlyCount "75"]
[EventDate "2019.08.03"]
[EventType "swiss"]
[EventCountry "NED"]
[SourceTitle "playchess.com"]
[Source "ChessBase"]
[SourceQuality "1"]
[TimeControl "40/5400+30:1800+30"]

1. d4 d5 2. c4 c6 3. Nf3 Nf6 4. Qc2 e6 5. g3 Nbd7 6. Bg2 Bd6 7. O-O O-O 8. Nbd2 Re8 9. e4 dxe4 10. Nxe4 Nxe4 11. Qxe4 Nf6 12. Qe2 c5 13. Rd1 cxd4 14. Nxd4 Qb6 15. Nb5 Bc5 16. a4 a5 17. Be3 Bd7 18. Bxc5 Qxc5 19. Bxb7 Rab8 20. Bg2 e5 21. Qe3 Qb4 22. Qd2 Qc5 23. Qe3 Qb4 24. Qa3 Qe7 25. Qxe7 Rxe7 26. Rd6 Re6 27. Rad1 Rxd6 28. Rxd6 Kf8 29. Ra6 Be6 30. c5 Rd8 31. Nc3 Bc4 32. Rxa5 Rd2 33. c6 Ne8 34. c7 Rc2 35. c8=Q Rc1+ 36. Bf1 Bxf1 37. Qc5+ Kg8 38. f4 1-0

[Event "23rd Hogeschool Zeeland Open 2019"]
[Site "Vlissingen"]
[Date "2019.08.04"]
[Round "1.16"]
[White "Kunnavakkam, Sudarshanagopal V"]
[Black "Elgersma, Onno"]
[Result "0-1"]
[ECO "B12"]
[WhiteElo "1744"]
[BlackElo "2232"]
[Annotator "NA"]
[PlyCount "116"]
[EventDate "2019.08.03"]
[EventType "swiss"]
[EventCountry "NED"]
[SourceTitle "playchess.com"]
[Source "ChessBase"]
[SourceQuality "1"]
[TimeControl "40/5400+30:1800+30"]

1. e4 c6 2. d4 d5 3. e5 Bf5 4. h4 h5 5. c4 e6 6. Nc3 Ne7 7. Bg5 Qb6 8. Qd2 Nd7 9. Nge2 dxc4 10. Ng3 Bd3 11. Bxd3 cxd3 12. Qxd3 Rd8 13. Qc4 Rc8 14. O-O Ng6 15. Rfe1 Qb4 16. Qd3 Nb6 17. f4 c5 18. f5 Qxd4+ 19. Qxd4 cxd4 20. Nb5 Rc5 21. Nxd4 exf5 22. e6 f6 23. Bd2 Rd5 24. Ngxf5 Bc5 25. Be3 O-O 26. Nb3 Bxe3+ 27. Nxe3 Re5 28. Nc2 Re8 29. Rxe5 Nxe5 30. Nc5 Nd5 31. Rd1 Nf4 32. Nxb7 Nxe6 33. Nd4 Nxd4 34. Rxd4 Kh7 35. Nd6 Rb8 36. Rd2 Ng4 37. Ne4 Re8 38. Re2 Kg6 39. Kf1 Rc8 40. Nc3 Ne5 41. Kf2 Kf5 42. Nb5 Rc1 43. Nd4+ Kg6 44. Ne6 Ng4+ 45. Kg3 Rd1 46. Nc5 Kf5 47. Kf3 Rf1+ 48. Kg3 g5 49. Nd3 Rh1 50. hxg5 fxg5 51. Nf2 h4+ 52. Kf3 Rf1 53. b3 Nxf2 54. Rxf2 g4+ 55. Ke3+ Rxf2 56. Kxf2 Ke4 57. Ke2 Kd4 58. b4 Ke5 0-1

[Event "23rd Hogeschool Zeeland Open 2019"]
[Site "Vlissingen"]
[Date "2019.08.04"]
[Round "2.2"]
[White "Mityaev, Alexandr"]
[Black "L'Ami, Erwin"]
[Result "0-1"]
[ECO "A85"]
[WhiteElo "2087"]
[BlackElo "2633"]
[Annotator "ChessBase"]
[PlyCount "86"]
[EventDate "2019.08.03"]
[EventType "swiss"]
[EventCountry "NED"]
[SourceTitle "playchess.com"]
[Source "ChessBase"]
[SourceQuality "1"]
[TimeControl "40/5400+30:1800+30"]

1. d4 f5 2. c4 Nf6 3. Nc3 e6 4. Nf3 b6 5. a3 Ba6 6. e3 g6 7. b4 Bg7 8. Bb2 O-O 9. Be2 Qe7 10. O-O d6 11. Qb3 Nbd7 12. Nb5 Rfc8 13. c5 bxc5 14. Nxd6 Bxe2 15. Nxc8 Rxc8 16. Rfc1 cxb4 17. axb4 a6 18. b5 Bxb5 19. Ba3 Qe8 20. Ra2 h6 21. Rac2 c6 22. Nd2 Nb6 23. Bc5 Nfd7 24. Qa2 Nxc5 25. dxc5 Nd5 26. Qa3 Qe7 27. Nc4 Bf8 28. Nd6 Rd8 29. e4 fxe4 30. Nxe4 Nf4 31. Qe3 e5 32. Nd6 Qe6 33. Nxb5 Qd5 34. f3 axb5 35. g3 Ne6 36. Kg2 Nd4 37. Rc3 b4 38. Rc4 b3 39. Qe4 Qxe4 40. fxe4 Rb8 41. Rb1 Kf7 42. Kf2 Ke6 43. Ke3 Nc2+ 0-1

[Event "23rd Hogeschool Zeeland Open 2019"]
[Site "Vlissingen"]
[Date "2019.08.04"]
[Round "2.3"]
[White "Van Wely, Loek"]
[Black "Kraemer, Max"]
[Result "1-0"]
[ECO "A09"]
[WhiteElo "2616"]
[BlackElo "2041"]
[Annotator "ChessBase"]
[PlyCount "67"]
[EventDate "2019.08.03"]
[EventType "swiss"]
[EventCountry "NED"]
[SourceTitle "playchess.com"]
[Source "ChessBase"]
[SourceQuality "1"]
[TimeControl "40/5400+30:1800+30"]

1. Nf3 d5 2. c4 d4 3. b4 g6 4. g3 Bg7 5. d3 e5 6. Bg2 Ne7 7. O-O O-O 8. Nbd2 c6 9. Rb1 Na6 10. a4 Nc7 11. b5 c5 12. a5 Ne6 13. a6 Rb8 14. axb7 Bxb7 15. Qa4 Qb6 16. Ra1 Ra8 17. Nb3 e4 18. dxe4 Bxe4 19. Ra2 Rfd8 20. Bd2 Rd6 21. Rfa1 h6 22. Qa3 d3 23. Ba5 Qb8 24. Re1 Qc8 25. exd3 Bxd3 26. Nfd2 Rb8 27. Nxc5 Nxc5 28. Rxe7 Bd4 29. Bc3 Qg4 30. Bxd4 Qxd4 31. Qxa7 Rf8 32. Rc7 Ne4 33. Qxd4 Rxd4 34. Bxe4 1-0

[Event "23rd Hogeschool Zeeland Open 2019"]
[Site "Vlissingen"]
[Date "2019.08.04"]
[Round "2.4"]
[White "Rosmuller, Anton"]
[Black "Ortiz Suarez, Isan Reynaldo"]
[Result "0-1"]
[ECO "A02"]
[WhiteElo "2073"]
[BlackElo "2551"]
[Annotator "ChessBase"]
[PlyCount "75"]
[EventDate "2019.08.03"]
[EventType "swiss"]
[EventCountry "NED"]
[SourceTitle "playchess.com"]
[Source "ChessBase"]
[SourceQuality "1"]
[TimeControl "40/5400+30:1800+30"]

1. g3 c5 2. Bg2 Nc6 3. f4 g6 4. Nf3 Bg7 5. O-O Nf6 6. d3 O-O 7. c3 d6 8. Na3 Rb8 9. Bd2 b5 10. Nh4 Bd7 11. f5 b4 12. Nc2 bxc3 13. bxc3 Ne5 14. Qc1 Qa5 15. Ne1 Rb6 16. fxg6 hxg6 17. Nhf3 Nc6 18. Ng5 Rfb8 19. Nef3 Be8 20. c4 Qa4 21. Bc3 e5 22. Nd2 Nd4 23. Bxd4 cxd4 24. c5 dxc5 25. Nc4 Rb5 26. Qe1 Qa6 27. g4 Nxg4 28. Qh4 Nf6 29. Nxe5 c4 30. Nxc4 Nh5 31. Ne4 Qe6 32. a4 Rb4 33. Ncd6 f5 34. Nxe8 Rxe8 35. Bh3 Qe5 36. Rxf5 gxf5 37. Qxh5 fxe4 38. Qh4 {[%emt 0:02:54] Kh7} 0-1

[Event "23rd Hogeschool Zeeland Open 2019"]
[Site "Vlissingen"]
[Date "2019.08.04"]
[Round "2.5"]
[White "Werle, Jan"]
[Black "Le Clercq, Maxim"]
[Result "1-0"]
[ECO "E17"]
[WhiteElo "2555"]
[BlackElo "1930"]
[Annotator "ChessBase"]
[PlyCount "48"]
[EventDate "2019.08.03"]
[EventType "swiss"]
[EventCountry "NED"]
[SourceTitle "playchess.com"]
[Source "ChessBase"]
[SourceQuality "1"]
[TimeControl "40/5400+30:1800+30"]

1. Nf3 Nf6 2. c4 e6 3. g3 b6 4. Bg2 Bb7 5. O-O Be7 6. d4 O-O 7. Re1 c5 8. d5 exd5 9. Nh4 d6 10. Nf5 Nbd7 11. Nc3 Re8 12. Nxe7+ Qxe7 13. cxd5 Ne5 14. h3 Qd7 15. Bg5 Qf5 16. f4 Nc4 17. e4 Qg6 18. b3 Na5 19. Qd2 h6 20. Bh4 Ba6 21. e5 dxe5 22. fxe5 Qd3 23. Qxd3 Bxd3 24. d6 Nc6 1-0

[Event "23rd Hogeschool Zeeland Open 2019"]
[Site "Vlissingen"]
[Date "2019.08.04"]
[Round "2.6"]
[White "Berghuis, Marten"]
[Black "Ikonnikov, Vyacheslav"]
[Result "0-1"]
[ECO "B30"]
[WhiteElo "2031"]
[BlackElo "2499"]
[Annotator "ChessBase"]
[PlyCount "56"]
[EventDate "2019.08.03"]
[EventType "swiss"]
[EventCountry "NED"]
[SourceTitle "playchess.com"]
[Source "ChessBase"]
[SourceQuality "1"]
[TimeControl "40/5400+30:1800+30"]

1. e4 c5 2. Nf3 Nc6 3. Nc3 e5 4. Bc4 Be7 5. d3 d6 6. h3 Nf6 7. O-O O-O 8. Nh2 Nd7 9. a4 Nb6 10. Ba2 Nb4 11. a5 Nxa2 12. Rxa2 Nd7 13. Nd5 Nb8 14. f4 exf4 15. Bxf4 Nc6 16. Nf3 Be6 17. c4 f5 18. Qd2 Qd7 19. Ng5 Bxg5 20. Bxg5 fxe4 21. Rxf8+ Rxf8 22. dxe4 Ne5 23. b3 Bxh3 24. Be7 Rf7 25. Qg5 h6 26. Qg3 Bg4 27. Bh4 g5 28. Rf2 Kg7 0-1

[Event "23rd Hogeschool Zeeland Open 2019"]
[Site "Vlissingen"]
[Date "2019.08.04"]
[Round "2.7"]
[White "Harika, Dronavalli"]
[Black "Van Rij, Gert"]
[Result "1-0"]
[ECO "D53"]
[WhiteElo "2492"]
[BlackElo "1960"]
[Annotator "ChessBase"]
[PlyCount "71"]
[EventDate "2019.08.03"]
[EventType "swiss"]
[EventCountry "NED"]
[SourceTitle "playchess.com"]
[Source "ChessBase"]
[SourceQuality "1"]
[TimeControl "40/5400+30:1800+30"]

1. c4 Nf6 2. Nc3 e6 3. Nf3 d5 4. d4 b6 5. Bg5 Be7 6. e3 Nbd7 7. cxd5 exd5 8. Ne5 Bb7 9. Bb5 O-O 10. Bc6 Bxc6 11. Nxc6 Qe8 12. Nxe7+ Qxe7 13. Nxd5 Qe4 14. Nxf6+ gxf6 15. Bh6 Qxg2 16. Ke2 Qg4+ 17. Kd2 Qxd1+ 18. Raxd1 Rfc8 19. Rhg1+ Kh8 20. Bg7+ Kg8 21. Rg3 f5 22. Bh6+ Kh8 23. Rdg1 f6 24. Bg7+ Kg8 25. Bxf6+ Kf7 26. Rg7+ Ke6 27. Bh4 Nf8 28. Re7+ Kd6 29. Rgg7 c5 30. Bg3+ Kc6 31. Rgf7 Rd8 32. Rf6+ Kb5 33. Rxf5 Kc4 34. Kc2 a5 35. dxc5 bxc5 36. Rb7 1-0

[Event "23rd Hogeschool Zeeland Open 2019"]
[Site "Vlissingen"]
[Date "2019.08.04"]
[Round "2.8"]
[White "Reichardt, Gert"]
[Black "Hausrath, Daniel"]
[Result "0-1"]
[ECO "B07"]
[WhiteElo "1987"]
[BlackElo "2468"]
[Annotator "ChessBase"]
[PlyCount "166"]
[EventDate "2019.08.03"]
[EventType "swiss"]
[EventCountry "NED"]
[SourceTitle "playchess.com"]
[Source "ChessBase"]
[SourceQuality "1"]
[TimeControl "40/5400+30:1800+30"]

1. e4 g6 2. d4 Bg7 3. Nf3 d6 4. Bd3 Nf6 5. c3 O-O 6. O-O Nc6 7. h3 e5 8. Bg5 h6 9. dxe5 hxg5 10. exf6 Qxf6 11. Nh2 Ne5 12. Be2 Be6 13. Nd2 Rad8 14. Ng4 Nxg4 15. Bxg4 d5 16. Bxe6 Qxe6 17. Qc2 g4 18. hxg4 Qxg4 19. exd5 Rxd5 20. Qe4 Qxe4 21. Nxe4 Re8 22. f3 f5 23. Ng3 Rb5 24. Rf2 Bf8 25. Rc2 Kf7 26. Rd1 Bd6 27. Ne2 Rbe5 28. Kf2 Kf6 29. Nd4 Rd5 30. c4 Rde5 31. Re2 c5 32. Rxe5 Bxe5 33. Nb3 b6 34. Rd2 Bf4 35. Rd7 a5 36. g3 Be3+ 37. Kf1 a4 38. Nd2 Rh8 39. Ke2 Bxd2 40. Rxd2 Ke6 41. Ke3 g5 42. Re2 Rh1 43. f4 g4 44. Kd3+ Kd6 45. Kc3 Rc1+ 46. Kd3 Rg1 47. Re3 Rg2 48. Kc3 a3 49. bxa3 Rxa2 50. Kb3 Rf2 51. Kc3 Kd7 52. Kb3 Rf3 53. Rc3 Kc6 54. Kc2 Rf2+ 55. Kb3 Kb7 56. Rd3 Kc6 57. Kc3 b5 58. cxb5+ Kxb5 59. Rd5 Rf3+ 60. Kc2 Rxg3 61. Rxf5 Rxa3 62. Rg5 g3 63. f5 Kc6 64. f6 Kd6 65. f7 Ke7 66. f8=Q+ Kxf8 67. Kb2 Rf3 68. Rxc5 Kf7 69. Rc1 Kf6 70. Kc2 Kf5 71. Kd2 Kg4 72. Ke2 Rf8 73. Rc7 g2 74. Rg7+ Kh3 75. Rh7+ Kg3 76. Rg7+ Kh2 77. Rh7+ Kg1 78. Rh6 Re8+ 79. Kd2 Re5 80. Rh8 Kf2 81. Rf8+ Kg3 82. Rg8+ Kf3 83. Rg7 Re4 0-1